 Dungeon Crawl Stone Soup version 0.24-b1 (webtiles) character file.

Game seed: 1687827172381794198, levelgen mode: deterministic

88290 Flugkiller the Martial Artist (level 15, -6/96 HPs)
             Began as an Octopode Assassin on Oct 12, 2019.
             Was the Champion of Hepliaklqana.
             Mangled by an orc warrior
             ... wielding a +0 trident
              (16 damage)
             ... on level 1 of the Orcish Mines.
             The game lasted 01:00:07 (30671 turns).

Flugkiller the Martial Artist (Octopode Assassin)  Turns: 30671, Time: 01:00:07

Health: -6/96      AC:  2    Str: 16    XL:     15   Next: 93%
Magic:  21/21      EV: 22    Int: 21    God:    Hepliaklqana [******]
Gold:   1459       SH: 16    Dex: 17    Spells: 19/22 levels left

rFire    . . .     SeeInvis +     - Unarmed
rCold    . . .     Gourm    .   m - +4 shield
rNeg     . . .     Faith    .   p - +1 hat
rPois    +         Spirit   .   H - amulet of the acrobat
rElec    .         Reflect  .   y - ring of see invisible
rCorr    +         Harm     .   l - +3 ring of intelligence
MR       +++..                  (no ring)
Stlth    +++++.....             K - ring of protection from magic
HPRegen  0.26/turn              v - ring "Coxorrebb" {rCorr Str+5 Stlth+}
MPRegen  0.17/turn              s - ring "Vokec" {+Fly rPois MR+ Int+2}
                                (no ring)
                                (no ring)

@: no status effects
A: almost no armour, stealthy swim, amphibious, 8 rings, constrict 8, reduced
essence, camouflage 1, gelatinous body 1
a: Recall Ancestor, Ancestor Identity, Transference, Idealise, Renounce
Religion, Evoke Flight


You were on level 1 of the Orcish Mines.
You worshipped Hepliaklqana.
Hepliaklqana was exalted by your worship.
You were not hungry.

You visited 3 branches of the dungeon, and saw 23 of its levels.

You collected 1459 gold pieces.

Inventory:

Hand Weapons
 N - a +0 vampiric demon trident
   (You found it on level 11 of the Dungeon)
Missiles
 b - 162 poisoned darts
 c - 9 curare-tipped darts (quivered)
 q - a throwing net
Armour
 m - a +4 shield (worn)
   (You found it on level 1 of the Dungeon)
 p - a +1 hat (worn)
   (You found it on level 5 of the Dungeon)
Jewellery
 k - a +2 amulet of reflection {unknown}
   (You found it on level 6 of the Lair of Beasts)
 l - a +3 ring of intelligence (right tentacle)
   (You found it on level 5 of the Dungeon)
 s - the ring "Vokec" (on tentacle) {+Fly rPois MR+ Int+2}
   (You found it on level 4 of the Lair of Beasts)

   [ring of flight]

   It affects your intelligence (+2).
   It protects you from poison.
   It affects your resistance to hostile enchantments.
   It lets you fly.
 u - an uncursed amulet of regeneration {unknown}
   (You found it on level 3 of the Lair of Beasts)
 v - the ring "Coxorrebb" (on tentacle) {rCorr Str+5 Stlth+}
   (You found it on level 4 of the Lair of Beasts)

   [ring of resist corrosion]

   It affects your strength (+5).
   It provides partial protection from all sources of acid and corrosion.
   It makes you more stealthy.
 y - a ring of see invisible (left tentacle)
   (You found it on level 3 of the Dungeon)
 H - an amulet of the acrobat (around mantle)
   (You found it on level 7 of the Dungeon)
 I - a +3 ring of dexterity {unknown}
   (You found it on level 10 of the Dungeon)
 K - a ring of protection from magic (on tentacle)
   (You found it on level 1 of the Lair of Beasts)
Wands
 a - a wand of enslavement (14)
   (You found it on level 6 of the Lair of Beasts)
 o - a wand of disintegration (14)
   (You found it on level 2 of the Dungeon)
 C - a wand of scattershot (3)
   (You found it on level 4 of the Lair of Beasts)
 D - a wand of acid (12)
   (You found it on level 5 of the Dungeon)
 F - a wand of paralysis (6)
   (You found it on level 6 of the Dungeon)
 P - a wand of iceblast (10)
   (You found it on level 13 of the Dungeon)
 R - a wand of polymorph (10)
   (You found it on level 12 of the Dungeon)
 T - a wand of flame (2)
   (You found it on level 14 of the Dungeon)
Scrolls
 g - 15 scrolls of remove curse
 t - a scroll of immolation
 w - 4 scrolls of magic mapping
 x - 9 scrolls of teleportation
 A - 5 scrolls of fear
 B - a scroll of amnesia
 G - 2 scrolls of vulnerability
 J - 4 scrolls of fog
 M - a scroll of blinking
 O - a scroll of identify
Potions
 e - 3 potions of brilliance
 f - a potion of cancellation
 h - 4 potions of heal wounds
 i - 8 potions of might
 j - 10 potions of curing
 n - a potion of mutation
 r - 2 potions of agility
 z - 2 potions of magic
 E - a potion of lignification
 L - 3 potions of ambrosia
 Q - a potion of berserk rage
 S - a potion of resistance
Comestibles
 d - 42 rations
 U - 3 chunks of flesh


   Skills:
 + Level 11.5 Fighting
   Level 2.0 Short Blades
 - Level 2.0 Throwing
 - Level 13.0 Dodging
 - Level 5.3 Stealth
 + Level 11.5 Shields
 + Level 14.9 Unarmed Combat
 - Level 4.1 Spellcasting
 - Level 2.1 Conjurations
 - Level 2.0 Fire Magic
 - Level 9.0 Invocations
 - Level 5.0 Evocations


You had 19 spell levels left.
You knew the following spells:

 Your Spells              Type           Power        Failure   Level  Hunger
a - Conjure Flame         Conj/Fire      ##......     24%         3    ###....

Your spell library contained the following spells:

 Spells                   Type           Power        Failure   Level  Hunger
 Flame Tongue             Conj/Fire      ##...        8%          1    None
 Magic Dart               Conj           ##..         8%          1    None
 Sting                    Conj/Pois      #...         12%         1    None
 Throw Flame              Conj/Fire      ##....       12%         2    #......
 Beastly Appendage        Tmut           #.....       19%         1    None
 Confusing Touch          Hex            #.....       19%         1    None
 Blink                    Tloc           N/A          28%         2    #......
 Call Imp                 Summ           #.......     28%         2    #......
 Poisonous Vapours        Pois/Air       #.....       28%         2    #......
 Slow                     Hex            #.......     28%         2    #......
 Sticks to Snakes         Tmut           #.......     28%         2    #......
 Sublimation of Blood     Necr           #.........   28%         2    #......
 Inner Flame              Hex/Fire       #.......     36%         3    ###....
 Mephitic Cloud           Conj/Pois/Air  #.......     38%         3    ###....
 Confuse                  Hex            #.......     50%         3    ###....
 Gell's Gravitas          Tloc           #.........   50%         3    ###....
 Spider Form              Tmut/Pois      #.........   50%         3    ###....
 Sticky Flame             Conj/Fire      ##......     61%         4    ####...
 Ice Form                 Ice/Tmut       #.......     88%         4    ####...
 Olgreb's Toxic Radiance  Pois           #.......     88%         4    ####...
 Petrify                  Tmut/Erth      #.......     88%         4    ####...
 Fireball                 Conj/Fire      ##........   91%         5    ######.
 Venom Bolt               Conj/Pois      #.........   97%         5    ######.
 Blade Hands              Tmut           #.........   99%         5    ######.
 Excruciating Wounds      Chrm/Necr      #.........   99%         5    ######.
 Metabolic Englaciation   Hex/Ice        #.........   99%         5    ######.
 Yara's Violent Unravell  Hex/Tmut       #.........   99%         5    ######.
 Bolt of Cold             Conj/Ice       #.........   100%        6    #######
 Deflect Missiles         Chrm/Air       #.........   100%        6    #######
 Freezing Cloud           Conj/Ice/Air   #.........   100%        6    #######
 Ozocubu's Refrigeration  Ice            #.........   100%        6    #######
 Simulacrum               Ice/Necr       #.........   100%        6    #######


Dungeon Overview and Level Annotations

Branches:
Dungeon (15/15)            Temple (0/1) D:5            Lair (6/6) D:9
 Shoals (0/4) Lair:3       Spider (0/4) Lair:3        Slime (0/5) Lair:5
    Orc (2/2) D:11         Vaults (0/5) D:13         Depths (0/5) D:15
    Elf: Orc:2

Altars:
Ashenzari
Cheibriados
Elyvilon
Fedhas
Hepliaklqana
Makhleb
Nemelex Xobeh
Okawaru
Wu Jian
Xom
Zin
The Shining One

Annotations:
D:6 1 runed translucent door, exclusions: door and oklob plant, PeterQ's ghost, novice VSAs
Lair:1 exclusions: basilisk and hydra
Lair:3 exclusion: 4 oklob plants, Vonwuquxa's ghost, journeyman VSAs
Lair:5 exclusions: electric eel and hippogriff


Innate Abilities, Weirdness & Mutations

You cannot wear most types of armour.
You are very stealthy in the water. (Stealth+)
You are amphibious.
You can wear up to eight rings at the same time.
You can use your tentacles to constrict eight enemies at once.
Your skin changes colour to match your surroundings (Stealth+).
Your rubbery body absorbs attacks. (AC +1, EV +1)
Your life essence is reduced to manifest your ancestor. (-10% HP)


Message History

An orc is wielding a +2 whip of electrocution.
The orc warrior shouts!
The orc shouts! x3; The orc priest shouts!
You hear a shout!
The orc warrior shouts!
The orc shouts!
You hear a shout!
The orc shouts!
The orc warrior shouts!
The orc throws a boomerang.
Sgorby blocks the boomerang.
The weapon returns to the orc!
The orc warrior hits you with a +0 flail.
The orc shouts!
You hear a shout!
Found 30 gold pieces.
There is a stone staircase leading down here.
You tentacle-slap the orc warrior but do no damage.
Your grab misses the orc warrior.
The orc throws a boomerang.
The boomerang hits Sgorby.
The weapon returns to the orc!
An orc warrior comes into view. It is wielding a +0 long sword.
An orc comes into view. It is wielding a +0 dagger.
You block the orc's attack.
The orc warrior hits you from afar with a +0 trident!!
The orc priest invokes the aid of Beogh against you.
Beogh smites you! You block the orc's attack. The orc warrior misses you.
The orc hits Sgorby but does no damage.
You hear a shout!
You bludgeon the orc warrior! You grab the orc warrior.
You tentacle-slap the orc warrior, but do no damage.
The orc warrior is moderately wounded.
You constrict the orc warrior, but do no damage.
An orc comes into view. It is wielding a +0 club. x2
The orc throws a boomerang.
Sgorby blocks the boomerang.
The orc suddenly yells.
You block the orc's attack. x2
The orc warrior hits you from afar with a +0 trident!!
* * * LOW HITPOINT WARNING * * *
You block the orc's attack.
A warg comes into view.
The orc misses you.
You release your grip on the orc warrior.
Sgorby barely misses the orc. x2
Sgorby hits the orc with a +0 broad axe of flaming!
Sgorby burns the orc.
The orc dies!
The orc warrior hits you with a +0 flail!
* * * LOW HITPOINT WARNING * * *
The orc throws a boomerang.
The boomerang barely misses Sgorby.
You block the boomerang.
The weapon returns to the orc!
You block the orc's attack.
The orc priest mumbles some strange prayers to Beogh against you.
Beogh smites you!
* * * LOW HITPOINT WARNING * * *
You block the orc's attack. The orc completely misses you.
The orc warrior hits you from afar with a +0 trident!
You die...

...# ....##.$.#
....##.o.#h#..#
...............
...............
....o..........
.....R........#
.....o.......#.
.....oo@oo.....
......oooo.....
.......o.oo....
...............
..##...o......o
. #...oo.....#
.....o....##
T.......#.##


You could see the friendly Sgorby the knight, a troll, a warg, 4 orc warriors,
an orc priest, 2 orc wizards and 12 orcs.

Vanquished Creatures
  A sphinx (D:13)
  A yaktaur captain (D:15)
  4 hydras
  3 vault guards (D:13)
  6 centaur warriors
  2 two-headed ogres (D:14)
  A catoblepas (Lair:2)
  11 death yaks
  Sonja (D:11)
  3 unseen horrors
  Pikel (D:8)
  6 ugly things
  3 manticores
  2 deep elf magi
  6 cyclopes
  3 centaur zombies
  4 black mambas
  23 spiny frogs
  2 gargoyles
  An eye of devastation (Lair:5)
  2 rime drakes
  A centaur skeleton (D:15)
  A freezing wraith (D:14)
  A yaktaur (D:15)
  An efreet (D:15)
  6 komodo dragons
  4 trolls (D:11)
  3 jumping spiders
  A hornet (D:12)
  2 tyrant leeches (Lair:6)
  4 slime creatures (D:12)
  15 blink frogs
  9 hippogriffs
  2 redbacks (Lair:3)
  26 yaks
  A shadow (D:13)
  2 wraiths
  6 basilisks
  A human (shapeshifter) (D:14)
  A hungry ghost (D:11)
  8 vampire mosquitoes
  A warg (Orc:2)
  A soldier ant (D:13)
  A hydra simulacrum (Lair:4)
  5 water moccasins
  6 porcupines
  2 hornet zombies
  2 sky beasts
  8 orc warriors
  3 ice beasts
  A slave (D:8)
  2 eyes of draining
  A black mamba simulacrum (Lair:4)
  A phantom (D:12)
  A necrophage (D:12)
  11 ogres
  12 wolves
  3 centaurs
  7 crocodiles
  5 big kobolds
  21 bullfrogs
  3 gnoll sergeants
  A water moccasin skeleton (D:8)
  A dream sheep simulacrum (Lair:4)
  3 killer bees (D:13)
  4 scorpions
  6 wights
  A howler monkey (D:7)
  An electric eel (Lair:6)
  2 bullfrog zombies
  5 crimson imps
  6 hounds
  4 jellies
  A quasit (D:10)
  2 orc priests
  9 orc wizards
  Crazy Yiuf (D:7)
  2 bullfrog skeletons
  4 iguanas
  2 hell rats
  8 worker ants
  A hound zombie (D:9)
  A hound skeleton (D:9)
  2 howler monkey zombies
  6 gnolls
  5 adders
  5 river rats (Lair:2)
  2 oozes
  An adder skeleton (D:5)
  A worm (D:2)
  A dart slug (D:3)
  6 leopard geckos
  32 orcs
  3 ball pythons
  3 giant cockroaches
  10 goblins
  8 hobgoblins
  8 jackals
  19 kobolds
  4 quokkas
  6 bats
  5 frilled lizards
  A quokka skeleton (D:6)
  7 rats
  A fungus (D:7)
479 creatures vanquished.

Vanquished Creatures (collateral kills)
  A vault guard (D:13)
  A hydra (D:13)
  A catoblepas (D:13)
  A centaur warrior (D:14)
  2 death yaks (Lair:5)
  A two-headed ogre (Orc:2)
  Nergalle (D:10)
  2 unseen horrors
  4 ugly things
  A centaur zombie (D:13)
  A black mamba (Lair:1)
  A gargoyle (D:15)
  A rime drake (Lair:5)
  9 spiny frogs
  5 komodo dragons
  A freezing wraith (D:15)
  A tyrant leech (Lair:6)
  A jumping spider (Lair:2)
  A harpy skeleton (D:15)
  6 blink frogs
  2 hippogriffs
  A vampire (D:13)
  A wraith (D:15)
  16 yaks
  A human (D:12)
  A wyvern (Lair:6)
  A hungry ghost (D:12)
  7 vampire mosquitoes
  3 water moccasins
  An ice beast (D:10)
  A porcupine (Lair:2)
  4 orc warriors
  A sky beast (D:13)
  2 necrophages
  A hornet zombie (D:13)
  A boggart (D:13)
  4 wolves
  5 centaurs
  An ogre (D:8)
  5 crocodiles
  8 bullfrogs
  A gnoll sergeant (D:11)
  A wyvern zombie (D:9)
  A dream sheep simulacrum (Lair:4)
  A killer bee (D:12)
  2 wights
  3 electric eels
  A howler monkey (D:13)
  A crimson imp (D:7)
  3 hounds
  An orc wizard (D:3)
  A bullfrog skeleton (D:9)
  3 orc priests
  2 centaur skeletons
  An iguana (D:10)
  2 worker ants
  A worker ant zombie (D:10)
  3 gnolls (D:8)
  An adder (D:6)
  5 river rats
  An adder zombie (D:8)
  A leopard gecko (D:9)
  16 orcs
  A hobgoblin (D:3)
  A goblin (D:3)
  4 kobolds
  2 rats
  A fungus (Lair:5)
170 creatures vanquished.

Vanquished Creatures (others)
  30 knights
  A jackal (D:8)
  2 bushes (Lair:6)
  20 fungi
  56 plants
109 creatures vanquished.

Grand Total: 758 creatures vanquished

Notes
Turn   | Place    | Note
-------+----------+-------------------------------------------
     0 | D:1      | Flugkiller the Octopode Assassin began the quest for the
                  | Orb.
     0 | D:1      | Reached XP level 1. HP: 14/14 MP: 1/1
   110 | D:1      | Reached XP level 2. HP: 16/20 MP: 2/2
   858 | D:2      | Reached XP level 3. HP: 25/25 MP: 3/3
  1066 | D:2      | Found a snail-covered altar of Cheibriados.
  1068 | D:2      | Found a hazy altar of Hepliaklqana.
  1070 | D:2      | Found a sparkling altar of Nemelex Xobeh.
  1089 | D:2      | Became a worshipper of Hepliaklqana the Forgotten
  1144 | D:2      | Reached XP level 4. HP: 24/27 MP: 4/4
  1197 | D:2      | Found a glowing golden altar of the Shining One.
  1490 | D:3      | Found a blossoming altar of Fedhas.
  1550 | D:3      | Reached XP level 5. HP: 27/33 MP: 5/5
  1834 | D:3      | Reached XP level 6. HP: 22/39 MP: 6/6
  2457 | D:4      | Reached * piety under Hepliaklqana
  3163 | D:4      | Reached skill level 5 in Fighting
  3204 | D:5      | Entered Level 5 of the Dungeon
  3230 | D:5      | Found a staircase to the Ecumenical Temple.
  3240 | D:5      | Noticed a hippogriff
  3289 | D:5      | Killed a hippogriff
  3289 | D:5      | Reached skill level 5 in Dodging
  3289 | D:5      | Reached XP level 7. HP: 12/45 MP: 7/7
  3626 | D:5      | Found a shattered altar of Ashenzari.
  3890 | D:5      | Found an ornate altar of the Wu Jian Council.
  3982 | D:6      | Reached ** piety under Hepliaklqana
  3984 | D:6      | Remembered your ancestor Sgorby as a knight
  4059 | D:6      | Noticed PeterQ's ghost (novice VSAs)
  4124 | D:6      | Found a runed translucent door.
  4202 | D:6      | Found a glowing silver altar of Zin.
  4202 | D:6      | Noticed an oklob plant
  4248 | D:6      | Found a burning altar of Makhleb.
  4248 | D:6      | Found a shimmering altar of Xom.
  4260 | D:6      | Found an iron altar of Okawaru.
  4412 | D:7      | Reached skill level 5 in Shields
  4412 | D:7      | Reached XP level 8. HP: 49/49 MP: 8/8
  4451 | D:7      | Reached skill level 1 in Invocations
  4451 | D:7      | Reached skill level 1 in Evocations
  4660 | D:7      | You fall into a shaft and drop 3 floors!
  4660 | D:10     | Entered Level 10 of the Dungeon
  4661 | D:10     | Noticed a wraith
  4661 | D:10     | Noticed a yak
  4661 | D:10     | Noticed a yak
  4661 | D:10     | Noticed a yak
  4661 | D:10     | Noticed a yak
  4661 | D:10     | Noticed a yak
  4697 | D:9      | Found a white marble altar of Elyvilon.
  4841 | D:8      | Reached skill level 5 in Evocations
  4975 | D:8      | Reached *** piety under Hepliaklqana
  5029 | D:8      | Reached skill level 1 in Unarmed Combat
  5101 | D:7      | Reached XP level 9. HP: 53/53 MP: 12/12
  5277 | D:7      | Found a shattered altar of Ashenzari.
  5712 | D:7      | Found a runed translucent door.
  5713 | D:7      | Noticed Crazy Yiuf
  5728 | D:7      | Killed Crazy Yiuf
  5733 | D:7      | Got a jewelled mace
  5734 | D:7      | Identified the cursed +1 mace of Buir Oble {freeze, rF+
                  | Dex+4} (You found it on level 7 of the Dungeon)
  5864 | D:8      | Reached skill level 2 in Unarmed Combat
  6113 | D:8      | Noticed Pikel
  6145 | D:8      | Killed Pikel
  6145 | D:8      | Reached skill level 3 in Unarmed Combat
  6160 | D:8      | Noticed a two-headed ogre
  6982 | D:9      | Found a staircase to the Lair.
  7131 | Lair:1   | Entered Level 1 of the Lair of Beasts
  7131 | Lair:1   | Noticed a spiny frog
  7133 | Lair:1   | Killed a spiny frog
  7133 | Lair:1   | Reached skill level 4 in Unarmed Combat
  7182 | Lair:1   | Noticed a komodo dragon
  7196 | Lair:1   | Killed a komodo dragon
  7196 | Lair:1   | Reached XP level 10. HP: 52/60 MP: 13/13
  7234 | Lair:1   | Noticed a black mamba
  7245 | Lair:1   | Killed a black mamba
  7245 | Lair:1   | Reached skill level 5 in Unarmed Combat
  7255 | Lair:1   | Reached **** piety under Hepliaklqana
  7728 | Lair:1   | Reached skill level 6 in Unarmed Combat
  8295 | Lair:1   | Noticed a seven-headed hydra
  8623 | Lair:2   | Reached skill level 7 in Unarmed Combat
  8739 | Lair:2   | Noticed a spiny frog
  8746 | Lair:2   | Killed a spiny frog
  8746 | Lair:2   | Reached skill level 8 in Unarmed Combat
  9157 | Lair:2   | Reached ***** piety under Hepliaklqana
  9172 | Lair:2   | Reached XP level 11. HP: 51/63 MP: 14/14
  9263 | Lair:2   | Noticed a catoblepas
  9770 | Lair:2   | Killed a catoblepas
  9822 | Lair:3   | Found a hole to the Spider Nest.
 11022 | Lair:3   | Noticed an oklob plant
 11022 | Lair:3   | Noticed an oklob plant
 11022 | Lair:3   | Noticed an oklob plant
 11022 | Lair:3   | Noticed an oklob plant
 11078 | Lair:3   | Reached skill level 10 in Dodging
 11078 | Lair:3   | Reached skill level 10 in Shields
 11436 | Lair:3   | Found a staircase to the Shoals.
 11717 | Lair:3   | Noticed a six-headed hydra
 12137 | Lair:3   | Killed a six-headed hydra
 12137 | Lair:3   | Reached XP level 12. HP: 71/71 MP: 10/15
 12270 | Lair:4   | Noticed a five-headed hydra
 12320 | Lair:4   | Noticed a five-headed hydra
 12357 | Lair:3   | Killed a five-headed hydra
 12357 | Lair:3   | Reached skill level 9 in Unarmed Combat
 12357 | Lair:3   | Reached skill level 1 in Spellcasting
 12570 | Lair:4   | Got a flickering bone ring
 12584 | Lair:4   | Identified the ring "Coxorrebb" {rCorr Str+5 Stlth+} (You
                  | found it on level 4 of the Lair of Beasts)
 12625 | Lair:4   | Killed a five-headed hydra
 12820 | Lair:4   | Reached skill level 10 in Unarmed Combat
 12979 | Lair:4   | Found a runed translucent gate.
 12979 | Lair:4   | Found a runed translucent gate.
 12979 | Lair:4   | Found a runed translucent gate.
 12979 | Lair:4   | Noticed Vonwuquxa's ghost (journeyman VSAs)
 13561 | Lair:4   | Got a scintillating turquoise ring
 13568 | Lair:4   | Identified the ring "Vokec" {+Fly rPois MR+ Int+2} (You
                  | found it on level 4 of the Lair of Beasts)
 13662 | Lair:5   | Reached skill level 11 in Unarmed Combat
 14392 | Lair:5   | Found a staircase to the Slime Pits.
 14553 | Lair:5   | Reached skill level 12 in Unarmed Combat
 14979 | Lair:6   | Entered Level 6 of the Lair of Beasts
 15224 | Lair:6   | Reached XP level 13. HP: 56/75 MP: 16/16
 15971 | Lair:5   | Reached skill level 5 in Invocations
 16774 | Lair:5   | Found a staircase to the Slime Pits.
 19174 | Lair:6   | Reached skill level 13 in Unarmed Combat
 19181 | Lair:6   | HP: 2/79 [death yak (28)]
 19756 | Lair:6   | Reached XP level 14. HP: 64/85 MP: 17/19
 20499 | Lair:6   | Identified the Handbook of Unholy Arts and Enhancements
 22574 | D:10     | Noticed Nergalle
 22652 | D:10     | Killed Nergalle
 23211 | D:11     | Reached ****** piety under Hepliaklqana
 23314 | D:11     | aw man..
 23397 | D:11     | Found a staircase to the Orcish Mines.
 23918 | D:11     | Noticed Sonja
 24034 | D:11     | Killed Sonja
 24733 | D:12     | Reached skill level 10 in Fighting
 24790 | D:12     | Reached skill level 14 in Unarmed Combat
 24816 | D:12     | Learned a level 3 spell: Conjure Flame
 25125 | D:13     | Reached skill level 1 in Conjurations
 25125 | D:13     | Reached skill level 1 in Fire Magic
 25712 | D:13     | Noticed a sphinx
 25882 | D:12     | Reached XP level 15. HP: 77/92 MP: 21/21
 26030 | D:13     | Killed a sphinx
 26526 | D:13     | Found a gate to the Vaults.
 28570 | D:15     | Entered Level 15 of the Dungeon
 29561 | D:15     | Found a staircase to the Depths.
 30284 | Orc:1    | Entered Level 1 of the Orcish Mines
 30403 | Orc:2    | Entered Level 2 of the Orcish Mines
 30671 | Orc:1    | Mangled by an orc warrior

Skill      XL: |  1  2  3  4  5  6  7  8  9 10 11 12 13 14 15 |
---------------+----------------------------------------------+-----
Dodging        | 2 3 4 5 7 8 11 12 13 | 13.0
Fighting       | 3 4 5 6 8 10 11 | 11.5
Shields        | 2 5 7 8 10 11 | 11.5
Invocations    | 3 4 7 9 |  9.0
Evocations     | 5 |  5.0
Unarmed Combat | 1 4 8 12 13 14 | 14.9
Spellcasting   | 1 3 4 |  4.1
Conjurations   | 2 |  2.1
Fire Magic     | 2 |  2.0
Short Blades   | |  2.0
Throwing       | |  2.0
Stealth        | |  5.3

Action                   |  1- 3 |  4- 6 |  7- 9 | 10-12 | 13-15 || total
-------------------------+-------+-------+-------+-------+-------++-------
Melee: Dagger            |    26 |       |       |       |       ||    26
       Constrict         |    18 |    26 |    49 |    70 |   143 ||   306
       Tentacles         |    11 |    16 |    59 |   113 |   334 ||   533
       Short sword       |    45 |   110 |   195 |   147 |       ||   497
       Punch             |       |       |       |    47 |   162 ||   209
       Unarmed           |       |       |       |   297 |  1080 ||  1377
Throw: Dart              |     2 |     5 |       |     1 |    11 ||    19
Invok: Ancestor Identity |       |     1 |       |       |       ||     1
       Recall Ancestor   |       |       |     6 |    11 |    21 ||    38
       Ancestor Life: Kn |       |       |     1 |       |       ||     1
       Idealise          |       |       |       |     1 |     2 ||     3
       Transference      |       |       |       |     1 |       ||     1
Evoke: Wand              |       |       |       |    22 |    17 ||    39
  Use: Scroll            |       |    12 |     8 |    10 |     6 ||    36
       Potion            |       |       |     1 |     1 |     2 ||     4
 Stab: Sleeping          |     3 |    14 |    17 |    20 |    41 ||    95
       Distracted        |       |       |     2 |     7 |    11 ||    20
       Paralysed         |       |       |       |     2 |       ||     2
  Eat: Chunk             |     1 |     6 |    12 |    15 |    37 ||    71
       Ration            |       |       |       |     3 |     4 ||     7
Armor: Skin              |    11 |    28 |    16 |    15 |    14 ||    84
Dodge: Dodged            |    38 |    59 |    68 |   245 |   552 ||   962
Block: Shield            |    11 |    36 |    92 |   264 |   727 ||  1130
